Map: Solaris LE

Players

Spirit (souL)

  • Race: Terran Terran
  • League: Grandmaster
  • Spawn Location: 1:00

MaxPax - Winner!

  • Race: Protoss Protoss
  • League: Grandmaster
  • Spawn Location: 7:00

VOD

Have the link to the VOD?

Description

Time

  • Played on: Oct. 30, 2023, 3:43 p.m.
  • Length: 9:39
Show
View Real Time Build Order
Export as new Build Order

Spirit Terran 

Build Orders: Cyclone Opening, Reaper Expand 

Get SALT Encoding   

  12  0:00  SCV  
  13  0:12  SCV  
  14  0:17  Supply Depot  
  14  0:24  SCV  
  15  0:38  SCV  
  16  0:43  Barracks  
  16  0:45  Refinery  
  16  0:50  SCV  
  17  1:02  SCV  
  18  1:16  SCV  
  19  1:32  Orbital Command, Reaper  
  20  1:44  Command Center  
  20  1:52  Supply Depot  
  20  1:58  SCV  
  21  2:08  Factory  
  21  2:09  Marine  
  21  2:10  SCV  
  23  2:20  Bunker  
  23  2:22  SCV  
  24  2:25  Refinery  
  24  2:28  Marine  
  25  2:34  SCV  
  26  2:46  SCV  
  26  2:48  Barracks, Barracks Reactor  
  27  2:54  Cyclone  
  27  2:58  Orbital Command  
  29  3:01  SCV  
  30  3:13  SCV  
  31  3:23  Barracks, SCV  
  31  3:25  SCV, Marine  
  34  3:27  Factory Tech Lab  
  34  3:36  SCV  
  34  3:38  SCV  
  34  3:40  Marine  
  36  3:41  Barracks Tech Lab  
  36  3:46  Siege Tank  
  36  3:48  SCV  
  40  3:50  SCV  
  40  3:53  Engineering Bay  
  40  3:54  Supply Depot  
  41  3:56  Marine  
  41  3:59  Stimpack  
  41  4:00  SCV  
  41  4:01  Marine  
  41  4:02  SCV  
  45  4:03  Marine  
  45  4:09  Supply Depot  
  46  4:13  Barracks Tech Lab  
  46  4:14  SCV  
  46  4:15  SCV  
  47  4:18  Siege Tank  
  47  4:21  Refinery  
  50  4:25  Marine  
  50  4:26  SCV  
  50  4:27  SCV  
  50  4:29  Marine  
  50  4:31  Marine  
  55  4:34  Combat Shield, Supply Depot  
  55  4:39  Bunker, Marine  
  55  4:43  Marine, SCV  
  58  4:46  Marine  
  58  4:48  SCV, Marine  
  58  4:51  Starport  
  61  4:56  SCV  
  61  4:57  Marine  
  61  4:59  Supply Depot  
  63  5:01  SCV, Marine  
  63  5:04  Marine  
  63  5:06  Siege Tank  
  69  5:09  Marine  
  70  5:16  SCV  
  70  5:20  SCV  
  71  5:21  Marine  
  71  5:24  Marine  
  73  5:28  SCV  
  73  5:32  SCV  
  73  5:33  Starport Reactor  
  72  5:40  SCV  
  72  5:42  Engineering Bay  
  73  5:45  Concussive Shells, SCV  
  73  5:46  Marauder x2, Marine  
  79  5:50  Refinery  
  79  5:52  Supply Depot  
  79  5:53  SCV  
  78  6:05  SCV  
  78  6:06  SCV  
  78  6:07  Marauder  
  78  6:09  Medivac  
  78  6:10  Medivac  
  85  6:18  Marine  
  85  6:19  Marauder  
  85  6:21  SCV, Refinery  
  85  6:22  Terran Infantry Weapons Level 1  
  85  6:23  Supply Depot  
  89  6:32  Supply Depot  
  89  6:33  Supply Depot  
  89  6:45  Marauder x2, Marine  
  92  6:50  Command Center  
  92  6:51  Medivac  
  94  6:54  Factory Reactor  
  94  6:57  Medivac, Supply Depot  
  94  6:58  Supply Depot  
  96  7:01  Supply Depot  
  96  7:07  Marauder x2  
  100  7:11  SCV  
  100  7:12  SCV  
  102  7:17  Barracks x2  
  102  7:23  Supply Depot  
  102  7:24  Supply Depot, SCV  
  102  7:28  Medivac x2, Marauder  
  102  7:29  SCV  
  110  7:33  Widow Mine  
  110  7:34  Widow Mine  
  114  7:38  SCV  
  114  7:40  Missile Turret, Marine  
  114  7:42  SCV  
  117  7:49  Marauder  
  121  7:51  Marauder  
  121  7:56  Ghost Academy  
  121  7:58  Marine  
  121  7:59  SCV  
  121  8:01  SCV  
  124  8:10  Barracks Reactor  
  124  8:11  Marauder  
  124  8:12  Marauder, Widow Mine x2  
  132  8:13  SCV  
  132  8:14  SCV  
  134  8:23  Marine  
  134  8:25  SCV  
  134  8:26  SCV  
  139  8:28  Bunker  
  140  8:37  SCV  
  140  8:38  Widow Mine  
  140  8:39  SCV, Widow Mine  
  147  8:42  Orbital Command  
  147  8:44  Ghost x3  
  145  8:49  SCV  
  129  9:00  Marine  
  129  9:01  Marine x2  
  113  9:02  Marine  
  113  9:03  Widow Mine x2  
  113  9:09  SCV  
  103  9:10  SCV  
  103  9:13  Marine  
  95  9:18  Marine  
  95  9:19  Marine x2  
  95  9:20  Marine  
  95  9:21  SCV  
Show
View Real Time Build Order
Export as new Build Order

MaxPax Protoss - Winner!

Build Orders: 1 Gate Expand, Blink Stalkers 

Get SALT Encoding   

  12  0:00  Probe  
  13  0:12  Probe  
  14  0:18  Pylon  
  14  0:24  Probe  
  15  0:35  Gateway  
  15  0:38  Probe (Chrono Boost)  
  16  0:49  Assimilator, Probe (Chrono Boost)  
  17  0:54  Probe (Chrono Boost)  
  18  1:05  Probe  
  19  1:18  Probe  
  19  1:24  Cybernetics Core  
  20  1:34  Nexus  
  20  1:41  Pylon  
  20  1:47  Probe  
  20  1:52  Assimilator  
  21  1:57  Adept (Chrono Boost)  
  21  1:59  Probe  
  21  2:00  Warp Gate  
  24  2:11  Probe  
  25  2:17  Adept (Chrono Boost)  
  27  2:23  Probe  
  28  2:33  Twilight Council  
  28  2:35  Probe  
  29  2:42  Gateway  
  29  2:49  Stalker  
  32  2:51  Probe (Chrono Boost)  
  32  2:53  Probe (Chrono Boost)  
  33  3:03  Probe (Chrono Boost)  
  33  3:04  Probe (Chrono Boost)  
  35  3:06  Blink (Chrono Boost)  
  35  3:08  Probe (Chrono Boost)  
  37  3:12  Probe  
  38  3:20  Probe  
  38  3:25  Probe  
  39  3:29  Robotics Facility  
  39  3:30  Gateway  
  39  3:32  Probe  
  40  3:37  Probe  
  40  3:39  Pylon  
  37  3:44  Probe  
  38  3:48  Stalker x2  
  38  3:50  Probe  
  43  3:56  Probe  
  43  3:58  Pylon  
  43  4:02  Probe  
  45  4:13  Warp Prism (Chrono Boost)  
  47  4:18  Stalker x2  
  51  4:29  Nexus  
  51  4:34  Stalker  
  51  4:36  Pylon  
  51  4:37  Probe  
  54  4:39  Probe  
  55  4:50  Probe  
  55  4:51  Probe  
  55  4:52  Observer  
  58  5:01  Pylon  
  58  5:02  Stalker x3  
  58  5:03  Probe x2  
  66  5:07  Pylon  
  66  5:15  Probe x2  
  68  5:27  Probe  
  67  5:30  Probe  
  67  5:33  Stalker x3  
  74  5:41  Forge  
  72  5:43  Probe x3 (Chrono Boost)  
  72  5:48  Gateway  
  75  5:50  Gateway  
  75  5:52  Charge (Chrono Boost)  
  75  5:55  Pylon, Probe x3 (Chrono Boost)  
  78  5:57  Gateway  
  78  6:02  Probe x3 (Chrono Boost)  
  81  6:09  Probe x3  
  84  6:21  Sentry, Zealot x2, Protoss Ground Weapons Level 1 (Chrono Boost), Probe  
  84  6:24  Gateway  
  91  6:25  Probe  
  91  6:26  Gateway x2  
  91  6:27  Gateway  
  91  6:30  Pylon  
  91  6:32  Shield Battery  
  92  6:45  Zealot x5  
  92  6:46  Pylon  
  102  6:50  Pylon  
  102  6:56  Zealot  
  102  6:57  Pylon  
  104  7:05  Zealot  
  104  7:06  Zealot x2, Pylon  
  110  7:10  Pylon  
  110  7:15  Robotics Bay  
  110  7:20  Nexus  
  110  7:22  Zealot x6  
  122  7:31  Probe  
  122  7:32  Probe  
  122  7:33  Assimilator, Probe  
  122  7:35  Zealot x3  
  122  7:36  Zealot  
  133  7:39  Photon Cannon  
  132  7:45  Assimilator  
  132  7:49  Observer (Chrono Boost)  
  133  7:52  Probe  
  133  7:58  Zealot, Probe  
  135  7:59  Zealot x2  
  135  8:04  Colossus (Chrono Boost)  
  147  8:06  Photon Cannon  
  147  8:08  Pylon  
  147  8:17  Probe x2  
  149  8:21  Zealot x4  
  149  8:23  Pylon  
  149  8:24  Pylon  
  149  8:27  Probe  
  158  8:39  Zealot x6  
  156  8:41  Zealot x4  
  156  8:42  Zealot x6  
  156  8:45  Colossus (Chrono Boost)  
  146  9:03  Probe  
  146  9:07  Probe  
  146  9:08  Zealot x8, Stalker  
  154  9:12  Probe  
  154  9:16  Probe  
  140  9:18  Probe  
  140  9:19  Probe  
  134  9:26  Zealot  
Tags
 
Add a new tag
Caveats
  • Supply blocks, unpowered buildings, or Contaminate may cause inaccurate times.
  • Supply counts are checked every 10 seconds.